 Dungeon Crawl Stone Soup version 0.24-a0-226-gca05e9d (webtiles) character file.

Game seed: 354126155582177907

2970 Azzok the Arsonist (level 9, -4/51 HPs)
             Began as an Octopode Fire Elementalist on Mar 31, 2019.
             Was an Initiate of Vehumet.
             Slain by an ogre
             ... wielding a cursed +0 giant spiked club
              (27 damage)
             ... on level 7 of the Dungeon.
             The game lasted 00:14:11 (9887 turns).

Azzok the Arsonist (Octopode Fire Elementalist)     Turns: 9887, Time: 00:14:11

Health: -4/51      AC:  1    Str:  7    XL:     9   Next: 82%
Magic:  13/19      EV: 13    Int: 20    God:    Vehumet [......]
Gold:   322        SH:  0    Dex: 13    Spells: 9/22 levels left

rFire    . . .     SeeInvis .   v - +2 spear (venom)
rCold    . . .     Gourm    .   (no shield)
rNeg     . . .     Faith    .   (helmet restricted)
rPois    .         Spirit   .   (no amulet)
rElec    .         Reflect  .   g - ring of stealth
rCorr    .         Harm     .   p - ring of protection from magic
MR       +....                  (no ring)
Stlth    ++++......             (no ring)
HPRegen  0.17/turn              (no ring)
MPRegen  0.16/turn              (no ring)
                                (no ring)
                                (no ring)

@: no status effects
A: almost no armour, stealthy swim, amphibious, 8 rings, constrict 8, camouflage
1, gelatinous body 1
a: Renounce Religion


You were on level 7 of the Dungeon.
You worshipped Vehumet.
Vehumet was noncommittal.
You were hungry.

You visited 2 branches of the dungeon, and saw 8 of its levels.

You collected 322 gold pieces.

Inventory:

Hand Weapons
 v - a +2 spear of venom (weapon)
Missiles
 u - a throwing net (quivered)
Armour
 c - a +0 shield
 x - a +0 buckler
Magical Staves
 y - an uncursed staff of cold
Jewellery
 g - a ring of stealth (left tentacle)
 p - a ring of protection from magic (right tentacle)
Scrolls
 a - 2 scrolls of blinking {unknown}
 d - 2 scrolls of enchant weapon {unknown}
 e - a scroll of fog {unknown}
 f - 3 scrolls of remove curse {unknown}
 h - 7 scrolls of identify {unknown}
 i - 2 scrolls of immolation {unknown}
 m - 3 scrolls of teleportation {unknown}
 s - a scroll of enchant armour {unknown}
 z - a scroll of random uselessness {unknown}
Potions
 j - a potion of brilliance {unknown}
 k - 3 potions of heal wounds {unknown}
 l - a potion of resistance {unknown}
 n - 2 potions of haste {unknown}
 o - 3 potions of curing {unknown}
 q - 2 potions of degeneration {unknown}
 r - a potion of flight {unknown}
 t - a potion of magic {unknown}
Comestibles
 b - 10 rations


   Skills:
 - Level 2.0 Dodging
 - Level 2.6 Stealth
 + Level 2.1 Shields
 + Level 7.2 Spellcasting
 + Level 7.6 Conjurations
 + Level 8.1 Fire Magic


You had 9 spell levels left.
You knew the following spells:

 Your Spells              Type           Power        Failure   Level  Hunger
a - Flame Tongue          Conj/Fire      #####        1%          1    None
b - Conjure Flame         Conj/Fire      #####...     1%          3    #......
c - Sticky Flame          Conj/Fire      #####...     3%          4    ###....
d - Fireball              Conj/Fire      #####.....   10%         5    #####..

Your spell library contained the following spells:

 Spells                   Type           Power        Failure   Level  Hunger
 Throw Flame              Conj/Fire      #####.       1%          2    None
 Inner Flame              Hex/Fire       ###.....     5%          3    #......


Dungeon Overview and Level Annotations

Branches:
Dungeon (7/15)             Temple (1/1) D:6

Altars:
Ashenzari
Cheibriados
Dithmenos
Elyvilon
Fedhas
Gozag
Hepliaklqana
Makhleb
Nemelex Xobeh
Okawaru
Qazlal
Ru
Sif Muna
Trog
Uskayaw
Vehumet
Wu Jian
Xom
Yredelemnul
Zin
The Shining One

Shops:
D:4 =

Annotations:
D:5 1 runed translucent door, Ijustatesigmund's ghost, novice OpFi


Innate Abilities, Weirdness & Mutations

You cannot wear most types of armour.
You are very stealthy in the water. (Stealth+)
You are amphibious.
You can wear up to eight rings at the same time.
You can use your tentacles to constrict eight enemies at once.
Your skin changes colour to match your surroundings (Stealth+).
Your rubbery body absorbs attacks. (AC +1, EV +1)


Message History

Casting: Sticky Flame (safe; 3% risk of failure)
Confirm with . or Enter, or press ? or * to list all spells.
Aiming: Fireball (slightly dangerous; 10% risk of failure)
Press: ? - help, Shift-Dir - straight line
Okay, then.
An orc priest comes into view. It is wielding a +0 mace.
Found a shadowy altar of Dithmenos.
Casting: Fireball (slightly dangerous; 10% risk of failure)
Confirm with . or Enter, or press ? or * to list all spells.
Aiming: Sticky Flame (safe; 3% risk of failure)
Press: ? - help, Shift-Dir - straight line, f - ogre
Aim: an ogre, wielding a +0 giant spiked club The sticky flame hits the ogre.
The ogre is lightly wounded.
The ogre is covered in liquid flames!
You are feeling hungry.
The ogre burns!
The ogre hits you with a cursed +0 giant spiked club!!
Ouch! That really hurt!
You die...

····▒······▒·▒·▒···▒···········
·······▒▒·▒▒·▒·▒··········▒▒▒▒▒▒
···▒▒··▒▒·▒▒·▒·▒········▒ ▒▒▒
▒[·▒▒·▒▒·▒·▒········▒
··········Z·oZ······▒
·······l··········
·▒·▒▒o▒·▒▒▒▒·····▒
··_····l▒▒▒▒·····▒
········O@········
·▒·▒▒·▒▒▒▒▒▒▒▒▒▒▒▒ ·· ··· ·▒▒·
·· ▒ ·


You could see an ogre (burning), an iguana and an orc priest.

Vanquished Creatures
  Sigmund (D:4)
  2 hungry ghosts (D:7)
  An ice beast (D:6)
  Duvessa (D:7)
  A sky beast (D:5)
  3 ogres
  2 orc warriors (D:6)
  A necrophage (D:6)
  3 centaurs
  3 bullfrogs
  Blork the orc (D:4)
  Dowan (D:7)
  A scorpion (D:6)
  3 wights (D:6)
  A howler monkey (D:4)
  2 crimson imps
  A bullfrog zombie (D:5)
  7 hounds
  4 orc priests
  A gnoll shaman (D:6)
  6 orc wizards
  A bullfrog skeleton (D:7)
  A centaur skeleton (D:5)
  An iguana (D:6)
  A worker ant (D:6)
  2 hound skeletons
  8 gnolls
  A howler monkey skeleton (D:5)
  5 adders
  3 oozes
  3 leopard geckos
  11 orcs
  3 giant cockroaches
  6 goblins
  2 hobgoblins (D:1)
  6 jackals
  3 kobolds
  A quokka (D:4)
  4 ball pythons
  7 bats
  8 frilled lizards
  7 rats
130 creatures vanquished.

Notes
Turn   | Place    | Note
-------+----------+-------------------------------------------
     0 | D:1      | Azzok the Octopode Fire Elementalist began the quest for
                  | the Orb.
     0 | D:1      | Reached XP level 1. HP: 11/11 MP: 3/3
   174 | D:1      | Reached XP level 2. HP: 6/17 MP: 0/5
   902 | D:1      | Reached XP level 3. HP: 21/21 MP: 0/6
  1161 | D:1      | Learned a level 3 spell: Conjure Flame
  1389 | D:2      | Noticed an ogre
  1441 | D:2      | Killed an ogre
  1441 | D:2      | Reached skill level 4 in Fire Magic
  1441 | D:2      | Reached XP level 4. HP: 27/27 MP: 1/8
  1441 | D:2      | Reached XP level 5. HP: 31/31 MP: 1/9
  1771 | D:2      | Learned a level 4 spell: Sticky Flame
  2354 | D:3      | Found a stormy altar of Qazlal.
  2357 | D:3      | Found a deep blue altar of Sif Muna.
  2371 | D:3      | Found a sacrificial altar of Ru.
  2374 | D:3      | Found a blossoming altar of Fedhas.
  2483 | D:3      | Reached XP level 6. HP: 24/36 MP: 7/11
  3026 | D:4      | Noticed Sigmund
  3201 | D:4      | Killed Sigmund
  3408 | D:4      | Found an ornate altar of the Wu Jian Council.
  3416 | D:4      | Noticed Blork the orc
  3427 | D:4      | Killed Blork the orc
  3427 | D:4      | Reached skill level 5 in Fire Magic
  3427 | D:4      | Reached XP level 7. HP: 17/41 MP: 4/13
  4517 | D:4      | Found Budutead's Jewellery Shoppe.
  4662 | D:4      | Reached skill level 5 in Conjurations
  4783 | D:4      | Found a shimmering altar of Xom.
  4783 | D:4      | Found a burning altar of Makhleb.
  4794 | D:4      | Reached skill level 5 in Spellcasting
  4794 | D:4      | Reached XP level 8. HP: 25/46 MP: 15/15
  5068 | D:4      | Reached skill level 6 in Fire Magic
  5381 | D:5      | Entered Level 5 of the Dungeon
  5443 | D:5      | Learned a level 5 spell: Fireball
  5735 | D:5      | Found a runed translucent door.
  5744 | D:5      | Found a burning altar of Makhleb.
  5847 | D:5      | Noticed Ijustatesigmund's ghost (novice OpFi)
  6260 | D:5      | Found an ornate altar of the Wu Jian Council.
  6804 | D:6      | Reached skill level 7 in Fire Magic
  6943 | D:6      | Reached XP level 9. HP: 42/51 MP: 18/18
  7008 | D:6      | Found a sparkling altar of Nemelex Xobeh.
  7615 | D:6      | Found a staircase to the Ecumenical Temple.
  7643 | Temple   | Entered the Ecumenical Temple
  7662 | Temple   | Became a worshipper of Vehumet
  8919 | D:7      | Found a shattered altar of Ashenzari.
  9049 | D:7      | Found a white marble altar of Elyvilon.
  9245 | D:7      | Noticed Duvessa
  9246 | D:7      | Noticed Dowan
  9254 | D:7      | Killed Duvessa
  9254 | D:7      | Reached skill level 1 in Shields
  9417 | D:7      | Killed Dowan
  9419 | D:7      | Reached skill level 8 in Fire Magic
  9883 | D:7      | Found a shadowy altar of Dithmenos.
  9887 | D:7      | Slain by an ogre

Levels and vault maps discovered:
D:1:      dpeg_arrival_yet_another_circle, layout_rooms
D:2:      layout_basic
D:3:      layout_basic, grunt_temple_overflow_cloverleaf,
          minmay_misc_feat_pillars
D:4:      layout_loops_ring, lemuel_crystal_altar,
          grunt_temple_overflow_champion_of_chaos, serial_shops,
          nicolae_shop_stone, uniq_sigmund, uniq_blork_the_orc
D:5:      layout_basic, first_ration, hellmonk_ghost_happy_afterlife,
          hangedman_abyss_or_decor_stagger, hangedman_feature_mirror
D:6:      layout_rooms, nemelex_xobeh_ov_fountains_minmay, temple_statues
D:7:      layout_basic, overflow_temple_1_default, nicolae_ashenzari_panopticon,
          basic_altar, grunt_livestock, uniq_duvessa
Temple:   minmay_temple_bridge_abc

Skill      XL: |  1  2  3  4  5  6  7  8  9 |
---------------+----------------------------+-----
Spellcasting   | 3 4 5 6 7 |  7.2
Conjurations   | 2 3 4 5 6 7 |  7.6
Fire Magic     | 4 5 7 8 |  8.1
Shields        | 2 |  2.1
Dodging        | |  2.0
Stealth        | |  2.6

Action                   |  1- 3 |  4- 6 |  7- 9 || total
-------------------------+-------+-------+-------++-------
Melee: Dagger            |    22 |    30 |    65 ||   117
       Tentacles         |     4 |     5 |    13 ||    22
       Constrict         |     5 |     7 |    17 ||    29
       Unarmed           |     1 |       |       ||     1
       Spear             |       |       |    14 ||    14
 Cast: Flame Tongue      |    30 |    14 |    99 ||   143
       Conjure Flame     |     2 |       |     4 ||     6
       Sticky Flame      |       |     3 |    35 ||    38
       Fireball          |       |       |    10 ||    10
 Stab: Sleeping          |     4 |    11 |    12 ||    27
  Eat: Chunk             |     2 |     6 |    25 ||    33
       Ration            |       |       |     1 ||     1
Armor: Skin              |    13 |     2 |     7 ||    22
Dodge: Dodged            |    43 |    10 |    84 ||   137

Table legend:
 A = Non-vault XP
 B = Vault XP
 C = Vault XP percentage of total XP
 D = Non-vault monster count
 E = Vault monster count
 F = Vault count percentage of total count
                 A         B        C        D         E       F
            +---------+---------+-------+---------+---------+-------
      Total |    3623 |     621 |  14.6 |     124 |       6 |   4.6
            +---------+---------+-------+---------+---------+-------
        D:1 |      44 |       0 |   0.0 |      26 |       0 |   0.0
        D:2 |     172 |       0 |   0.0 |      13 |       0 |   0.0
        D:3 |     243 |       0 |   0.0 |      12 |       0 |   0.0
        D:4 |     544 |     364 |  40.1 |      20 |       3 |  13.0
        D:5 |     779 |      41 |   5.0 |      19 |       1 |   5.0
        D:6 |    1233 |       0 |   0.0 |      20 |       0 |   0.0
        D:7 |     608 |     216 |  26.2 |      14 |       2 |  12.5
            +---------+---------+-------+---------+---------+-------
